[Event "93rd German Championship 2022"]
[Site "Magdeburg"]
[Date "2022.08.15"]
[Round "2.7"]
[White "Braun, Georg"]
[Black "Schulz, Lukas"]
[Result "0-1"]
[ECO "A05"]
[WhiteElo "2398"]
[BlackElo "2272"]
[Annotator "TA"]
[PlyCount "91"]
[EventDate "2022.08.14"]
[EventType "swiss"]
[EventCountry "GER"]
[SourceTitle "playchess.com"]
[Source "ChessBase"]
[SourceQuality "1"]
[TimeControl "40/5400+30:1800+30"]

1. Nf3 Nf6 2. b3 g6 3. Bb2 Bg7 4. g3 O-O 5. Bg2 d6 6. d4 Nbd7 7. O-O Re8 8. c4 e5 9. dxe5 dxe5 10. Nxe5 Nxe5 11. Qxd8 Rxd8 12. Bxe5 {[%emt 0:00:09] E60: King's Indian: Unusual lines and Fianchetto Variation without Nc3.} Re8 13. Bd4 ({Of course not} 13. Bxc7 Ng4 14. Na3 Bxa1 15. Rxa1 Rxe2 $11) 13... c5 14. Bc3 {[%emt 0:00:27] White is slightly better.} Rxe2 {[%emt 0:00:08] [#]} 15. Na3 $146 ({Predecessor:} 15. Nd2 Rb8 16. Rae1 Rxe1 17. Rxe1 Nd7 18. Re8+ Nf8 19. Ne4 Bxc3 20. Nxc3 Kg7 21. Nd5 {1-0 (41) Sarok,P (2194)-Sandor,J (2126) Hungary 2010}) 15... Re7 16. Nb5 Ne8 17. Rfe1 Be6 $1 18. Bxg7 Kxg7 19. Rad1 Nf6 20. Re5 a6 21. Nc3 Rc7 22. Re3 Rb8 23. a4 b6 24. Rd6 Rd7 $36 {[%emt 0:01:44][%mdl 2048] Black has some pressure.} 25. Rxd7 Bxd7 26. Rd3 Re8 27. Kf1 {[%emt 0:00:41] Inhibits Re1+.} Bf5 28. Rd6 Bc2 29. Bf3 (29. Bb7 $1 $11) 29... Bxb3 $17 30. Be2 {[%emt 0:00:30] Loses the game.} (30. Rxb6 $17 Bxc4+ 31. Be2 Bxe2+ 32. Nxe2) 30... Re6 $19 31. Rd8 Ne4 32. Nxe4 Rxe4 {[%emt 0:00:05][%mdl 4096] Endgame KRB-KRB} 33. f3 Rd4 34. Rb8 Bxc4 35. Bxc4 Rxc4 36. Rxb6 Rxa4 {[%emt 0:00:04] KR-KR} 37. Rc6 c4 38. h4 a5 39. g4 Rb4 40. Ra6 a4 41. Ke2 c3 42. Rc6 (42. Kd3 $142 Rc4 43. Kc2 (43. Kxc4 $2 {is the wrong capture.} c2 $19)) 42... a3 {[%emt 0:02:02] [#] ( -> ...a2)} 43. Ra6 Rb2+ {[%emt 0:01:16] Black mates.} 44. Ke3 a2 45. g5 c2 46. Kd4 {Weighted Error Value: White=0.55/Black=0.02 (flawless)} 0-1

[Event "93rd German Championship 2022"]
[Site "Magdeburg"]
[Date "2022.08.15"]
[Round "2.8"]
[White "Boder, Jan"]
[Black "Roseneck, Jonas"]
[Result "0-1"]
[ECO "A01"]
[WhiteElo "2315"]
[BlackElo "2384"]
[Annotator "TA"]
[PlyCount "152"]
[EventDate "2022.08.14"]
[EventType "swiss"]
[EventCountry "GER"]
[SourceTitle "playchess.com"]
[Source "ChessBase"]
[SourceQuality "1"]
[TimeControl "40/5400+30:1800+30"]

1. b3 e5 2. Bb2 Nc6 3. e3 Nf6 4. Nf3 e4 5. Nd4 Bc5 6. d3 {[%emt 0:00:14] A01: Nimzowitsch-Larsen Opening.} Bxd4 7. exd4 d5 {[%emt 0:03:00] [#]} 8. Nd2 $146 {[%emt 0:06:45] White has an edge.} ({Predecessor:} 8. dxe4 Nxe4 9. Bd3 O-O 10. O-O Bf5 11. Nd2 Re8 12. Re1 Qh4 13. Nxe4 Bxe4 14. c4 Nb4 15. Bxe4 dxe4 16. Bc3 Nd3 17. Re3 Qxf2+ {0-1 (17) Deviprasath,S (1578)-Khachiyan,M (2481) Chess.com INT 2020}) 8... exd3 9. Bxd3 Bg4 10. f3 Be6 11. a3 O-O 12. O-O Ne7 13. Re1 Bf5 14. Nf1 Bxd3 15. Qxd3 Ng6 16. Bc1 Nh5 (16... Qd7 $11) 17. Qf5 $1 $14 Qh4 18. Be3 Nf6 19. c4 h6 20. Rac1 dxc4 21. bxc4 Rfe8 22. Qc5 c6 23. Rb1 Nd7 24. Qf5 Nb6 25. g3 Qe7 26. Qd3 Qd7 {[%emt 0:00:56] White must now prevent ...Ne5.} 27. Nd2 Rad8 28. Qb3 Qf5 29. Bf2 Rxe1+ 30. Rxe1 Qd7 (30... Nf8 $11) 31. Ne4 $16 Re8 32. Rb1 Re7 33. Nc5 Qf5 34. Ne4 Nf8 35. Nd6 Qg6 36. c5 Nd5 37. Re1 {[%emt 0:03:02] [#]} (37. Nxb7 $11 {remains equal.} Ne6 38. Na5) 37... Rxe1+ $1 $17 38. Bxe1 Ne6 (38... b5 $15) 39. Bf2 $11 (39. Qxb7 {seems wilder.} Nxd4 40. Qc8+ Kh7 41. Qg4) 39... b5 40. cxb6 axb6 41. Nc4 $1 Qf6 42. Ne5 Nd8 43. Qd3 Qd6 44. Be1 f6 45. Nc4 Qe6 46. Bd2 b5 47. Na5 Nf7 48. Qe4 Qd7 49. Nb3 Nd6 50. Qe2 Nc4 (50... Nb7 {is interesting.} 51. Qe4 Kf7 52. Qh7 Qh3) 51. Nc5 Qe7 52. Qd3 Ncb6 {[%emt 0:01:44] Pair of Knights!} 53. Kf2 Na4 54. Nxa4 bxa4 {[%emt 0:00:01][%mdl 4096] Endgame KQB-KQN} 55. Qa6 Qxa3 56. Qxc6 Qa2 57. Ke1 {[%emt 0:01:37] [#]} (57. Qe8+ $11 Kh7 58. Qe4+ g6 59. Ke1) 57... Qa1+ (57... Kf7 $1 $17 {Strongly threatening ...a3.} 58. Qb7+ Kg6) 58. Ke2 (58. Bc1 $1 $11 {was the only way to keep the balance.} Ne7 59. Qc4+ Kh8 60. d5) 58... Qxd4 $17 59. Qe8+ Kh7 60. Qe4+ $2 {[%emt 0:00:05] This move loses the game for White.} (60. Qb5 $17) 60... Qxe4+ $19 61. fxe4 {[%emt 0:00:03] KB-KN} Ne7 62. Kd3 Nc6 {[%emt 0:00:58] And now ...Ne5+ would win.} 63. Kc4 $2 (63. Bc1 Ne5+ 64. Kc3) 63... Ne5+ 64. Kb4 Nf3 65. Bc3 Nxh2 66. e5 fxe5 67. Bxe5 g5 68. Kxa4 Kg6 {[%emt 0:00:02] Black mates.} 69. Bd6 Nf1 70. Kb3 Kf5 71. Kc2 Kg4 72. Kd1 Nxg3 73. Ke1 Kf3 74. Be7 g4 75. Bd8 h5 76. Be7 Kg2 {[%emt 0:00:15] Weighted Error Value: White=0.23 (precise) /Black=0.14 (very precise)} 0-1

[Event "93rd German Championship 2022"]
[Site "Magdeburg"]
[Date "2022.08.15"]
[Round "2.9"]
[White "Feuerstack, Aljoscha"]
[Black "Pahl, Erik"]
[Result "1/2-1/2"]
[ECO "E62"]
[WhiteElo "2473"]
[BlackElo "2203"]
[Annotator "TA"]
[PlyCount "70"]
[EventDate "2022.08.14"]
[EventType "swiss"]
[EventCountry "GER"]
[SourceTitle "playchess.com"]
[Source "ChessBase"]
[SourceQuality "1"]
[TimeControl "40/5400+30:1800+30"]

1. d4 Nf6 2. c4 g6 3. g3 Bg7 4. Bg2 O-O 5. Nc3 d6 6. Nf3 Nc6 7. O-O e5 8. dxe5 dxe5 $1 {[%emt 0:07:56] 8...dxe5 scores better than 8...Nxe5.} 9. Bg5 Qxd1 {[%emt 0:08:51] E62: King's Indian: Fianchetto: 6...c6 and Panno Variation (6...Nc6) without ...a6.} 10. Raxd1 {[%emt 0:02:31] [#]} Re8 $146 ({Predecessor:} 10... h6 11. Be3 Be6 12. Nd5 Rac8 13. Nxf6+ Bxf6 14. Bxh6 Rfd8 15. b3 Nb4 16. Bg5 Bxg5 17. Nxg5 Nxa2 18. Nxe6 fxe6 19. Bxb7 {1-0 (31) Plat,V (2510)-Havlik,J (2393) Czech Republic 2016}) 11. Nd2 Nd4 12. Nb3 Ne6 13. Be3 (13. Bxf6 $5 Bxf6 14. Rd2 $11) 13... Ng4 14. Bc1 f5 15. Rfe1 Nf6 16. e4 f4 17. gxf4 Nxf4 (17... exf4 $11 {and Black has nothing to worry.} 18. Nd5 Nh5) 18. Bxf4 $18 exf4 {[%emt 0:00:37] [#]} 19. e5 (19. Nb5 $1 $18) 19... Ng4 $14 20. Nd5 Rxe5 21. Nxc7 Rb8 22. Rd8+ Kf7 23. Red1 {[%emt 0:03:04] [#] Black must now prevent Bd5+.} Nf6 24. Nb5 (24. Nd2 $14) 24... Bg4 $11 25. Rxb8 Bxd1 {[%emt 0:00:08] A strong pair of Bishops.} 26. Rxb7+ Kf8 {[%emt 0:00:53] And now ...f3 would win.} (26... Kg8 $5 ) 27. Rb8+ (27. Nxa7 $2 Re1+ 28. Bf1 Be2 $19) (27. f3 $5 ) 27... Ke7 {[%emt 0:00:37] Threatens to win with ...Re1+.} 28. Rb7+ ({Weaker is} 28. Nxa7 Re1+ 29. Bf1 Ne4 30. Rb7+ Kf8 31. Rb8+ Kf7 32. Rb7+ Kf6 $19) (28. f3 $5 ) 28... Kf8 $1 29. Rb8+ ({Avoid the trap} 29. Nxa7 $2 Re1+ 30. Bf1 Be2 $19) (29. f3 $5 ) 29... Ke7 {[%emt 0:00:08] ...Re1+ is the strong threat.} 30. Bc6 ({And not} 30. Nxa7 Re1+ 31. Bf1 Ne4 32. Rb7+ Kf6 $19) (30. f3 $1 $14) 30... f3 $1 31. Rb7+ Kf8 32. Rb8+ $1 Ke7 {[%emt 0:01:55][%cal Re5e1][%mdl 1024] Black has compensation.} 33. Rb7+ {[%emt 0:00:05] The position is equal.} Kf8 34. Rb8+ $1 Ke7 35. Rb7+ Kf8 {[%emt 0:00:09] Weighted Error Value: White=0.25 (precise) /Black=0.13 (very precise)} 1/2-1/2

[Event "93rd German Championship 2022"]
[Site "Magdeburg"]
[Date "2022.08.15"]
[Round "2.10"]
[White "Bracker, Arne"]
[Black "Wachinger, Nikolas"]
[Result "0-1"]
[ECO "B94"]
[WhiteElo "2277"]
[BlackElo "2437"]
[Annotator "TA"]
[PlyCount "85"]
[EventDate "2022.08.14"]
[EventType "swiss"]
[EventCountry "GER"]
[SourceTitle "playchess.com"]
[Source "ChessBase"]
[SourceQuality "1"]
[TimeControl "40/5400+30:1800+30"]

1. e4 c5 2. Nf3 d6 3. d4 cxd4 4. Nxd4 Nf6 5. Nc3 a6 6. Bg5 Nbd7 7. Qe2 {[%emt 0:00:23] 7.Qe2 is the modern continuation. B94: Sicilian Najdorf: 6 Bg5 Nbd7.} b5 8. O-O-O Bb7 9. f4 {[%emt 0:03:51] The position is equal. 9.Bxf6 is not played anymore.} Rc8 {[%emt 0:02:16][%cal Oc8c3] [#] aiming for ...Rxc3!} 10. Bxf6 $146 ({Predecessor:} 10. e5 dxe5 11. fxe5 Rxc3 12. exf6 Rc5 13. h4 Re5 14. fxg7 Bxg7 15. Qf2 Qb6 16. Be2 {0-1 (74) Karjakin,S (2752)-Bocharov,D (2524) Chess.com INT 2020}) 10... Nxf6 11. e5 Rxc3 $1 12. exf6 Rc5 $1 13. fxe7 Bxe7 14. Re1 Kf8 15. h4 Bf6 16. Qe3 (16. Nb3 $11) 16... g6 $15 17. Bd3 Bxh4 {[%emt 0:06:19] A strong pair of Bishops.} 18. Re2 {[%emt 0:01:26] [#]} (18. Rxh4 $2 Qxh4 19. g3 Qd8 $19) 18... Re5 $3 19. fxe5 (19. Qg1 Rxe2) 19... Bg5 {[%emt 0:01:14] Prevents Qh6+.} 20. e6 $2 {[%emt 0:04:14] Loses the game.} (20. Ne6+ $17 fxe6 21. Rf1+ Kg7 22. Rf4) 20... Bxe3+ $19 21. Rxe3 Qg5 22. Rhe1 Bd5 {[%emt 0:04:12] And now ...Bxe6 would win.} (22... Bxg2 $2 23. Kb1) 23. e7+ Kg7 {[%emt 0:03:58] Hoping for ...Re8.} 24. Kb1 Re8 25. b3 (25. a4 {is a better defense.} Qf4 26. Nxb5) 25... Qxg2 (25... Bxg2 $2 26. Bf5 Bc6 27. Bxg6 hxg6 28. Nxc6 $19) 26. R3e2 Qg4 27. Nxb5 axb5 28. Bxb5 Qc8 (28... Bf3 $2 29. Bxe8 (29. Re3 Rh8 $15) 29... Bxe2 30. Bc6 $18) 29. Bxe8 Qxe8 30. a4 Be6 31. Rxe6 fxe6 32. Rxe6 {[%emt 0:00:02][%mdl 4096] Endgame KQ-KR} h5 $1 (32... Kf7 33. Re3 $17) 33. a5 {[%emt 0:00:30] [#]} h4 $1 34. a6 h3 {[%emt 0:03:18] Strongly threatening ...h2.} 35. a7 h2 36. Re1 Kf7 37. Ka2 g5 38. Rf1+ {[%emt 0:00:59] [#]} Kg7 $1 ({Worse is} 38... Ke6 39. Rf8 Qxe7 40. a8=Q $11) 39. Rh1 $2 ({Wrong is} 39. Rf8 $2 Qxe7 40. a8=Q Qxf8 $19) (39. Kb2 Qh8 40. Ka3) 39... Qa8 {[%emt 0:01:05] Black is clearly winning.} 40. Kb2 Kf7 41. Rxh2 Kxe7 (41... Qxa7 42. e8=Q+ Kxe8 43. Rh8+ Ke7 44. Rh7+ Kf6 45. Rxa7 $18) 42. Rh6 Kf7 {[%emt 0:01:28] ...Kg7 is the strong threat.} 43. Kc3 {Weighted Error Value: White=0.37/Black=0.02 (flawless)} 0-1

[Event "93rd German Championship 2022"]
[Site "Magdeburg"]
[Date "2022.08.15"]
[Round "2.11"]
[White "Farokhi, Keyvan"]
[Black "Krassowizkij, Jaroslaw"]
[Result "0-1"]
[ECO "C47"]
[WhiteElo "2332"]
[BlackElo "2428"]
[Annotator "TA"]
[PlyCount "64"]
[EventDate "2022.08.14"]
[EventType "swiss"]
[EventCountry "GER"]
[SourceTitle "playchess.com"]
[Source "ChessBase"]
[SourceQuality "1"]
[TimeControl "40/5400+30:1800+30"]

1. e4 e5 2. Nf3 Nc6 3. Nc3 Nf6 4. d4 Bb4 5. d5 Ne7 6. Nxe5 d6 (6... Nxe4 $5 7. Qd4 (7. Qf3 f5 $11) 7... Bxc3+ 8. bxc3 Nf6 $11) 7. Bb5+ {[%emt 0:13:57] C47: Scotch Four Knights and Four Knights with 4 g3.} Kf8 8. Nf3 {[%emt 0:00:18] Hoping for Qe2.} Nxe4 9. O-O {[%emt 0:09:14] The position is equal.} Nxc3 10. bxc3 Bxc3 11. Rb1 {[%emt 0:04:23] [#]} h6 $146 ({Predecessor:} 11... b6 12. Nd4 Bd7 13. Bc4 Bxd4 14. Qxd4 f6 15. Bd3 Kf7 16. Qh4 Bf5 17. Bxf5 Nxf5 {1-0 (38) Gaprindashvili,N-Polihroniade,E Vrnjacka Banja 1961}) 12. Nd4 a6 $36 {[%emt 0:18:02][%mdl 2048] Black is more active.} (12... Nxd5 {looks sharper.} 13. Nc6 bxc6 14. Bxc6 Ba6) 13. Bc4 b5 14. Bb3 Nf5 15. Ne2 Bf6 16. Ng3 h5 17. Ne4 Be5 18. Bg5 {[%emt 0:02:19] Inhibits Qh4.} (18. Qd3 $11) 18... f6 $17 19. Bd2 Qe8 $1 {[%emt 0:00:41] ...Nh4 is the strong threat.} 20. Re1 (20. Qe2 $17) 20... Qg6 $19 {[%emt 0:01:07] Strongly threatening ...Nh4.} 21. c3 $2 (21. f3 $17 {is a better defense.}) 21... Nh4 $1 (21... h4 22. f4 h3 23. g3 $11) 22. Ng3 Bg4 23. Qc1 Nxg2 24. Kxg2 (24. Bc2 $142 f5 25. Kxg2) 24... h4 $1 (24... Qd3 $2 25. Re3 Qg6 26. Bc2 $18) (24... Bf5 25. h4 $15) 25. Qc2 {[%emt 0:03:32] [#]} (25. Bc2 hxg3 26. Bh6 (26. Bxg6 Rxh2+ 27. Kg1 Bf3 28. fxg3 Bxg3) 26... Qh5 27. fxg3 Rxh6) (25. Bf4 $142 Bh3+ 26. Kg1) 25... Bh3+ $2 26. Kh1 {[%emt 0:00:07] Loses the game.} (26. Kg1 $17 f5 27. Qd3) 26... Qg4 27. Qe4 {[%emt 0:01:52] Prevents Qf3+.} hxg3 28. f4 (28. fxg3 $142 Qxe4+ 29. Rxe4 Bxg3 30. Ra1) 28... f5 ({But not} 28... g2+ $2 29. Kg1 $19) 29. Qe2 Qxe2 ({Avoid the trap} 29... g2+ $2 30. Kg1 Qxe2 31. Rxe2 $19) 30. Rxe2 Bg4 31. Rg2 Bf3 {[%emt 0:00:26][%csl LRg2,LRh2][%cal Oe5d4] ( -> ...Bd4!)} 32. Rbg1 Rxh2# {Weighted Error Value: White=1.24/Black=0.32} 0-1

[Event "93rd German Championship 2022"]
[Site "Magdeburg"]
[Date "2022.08.15"]
[Round "2.12"]
[White "Parvanyan, Alfred"]
[Black "Gungl, Theo"]
[Result "1-0"]
[ECO "A06"]
[WhiteElo "2126"]
[BlackElo "2359"]
[Annotator "TA"]
[PlyCount "153"]
[EventDate "2022.08.14"]
[EventType "swiss"]
[EventCountry "GER"]
[SourceTitle "playchess.com"]
[Source "ChessBase"]
[SourceQuality "1"]
[TimeControl "40/5400+30:1800+30"]

1. Nf3 d5 2. g3 c6 3. Bg2 Bg4 4. O-O Nd7 5. d4 Ngf6 6. Nbd2 e6 7. Re1 Be7 8. e4 dxe4 9. Nxe4 Nxe4 10. Rxe4 Nf6 11. Re1 O-O 12. c3 Qb6 13. Qa4 {[%emt 0:10:44] [#] D02: 1 d4 d5 2 Nf3 sidelines, including 2...Nf6 3 g3 and 2...Nf6 3 Bf4.} a6 $146 ({Predecessor:} 13... Bxf3 14. Bxf3 Nd5 15. Rd1 c5 16. c4 Nf6 17. Be3 cxd4 18. Bxd4 Bc5 19. Bxc5 Qxc5 20. Qb5 Rac8 21. Bxb7 Qxc4 22. Qxc4 Rxc4 {½-½ (40) Braga,C (2416)-Aranha Filho,A (2292) Sao Caetano do Sul 2009}) 14. Ne5 Bf5 15. h3 {[%emt 0:14:18][%cal Bh2h3,Bh3h4,Bh4g5][%mdl 32] White is slightly better.} h6 16. g4 Bh7 17. h4 Qc7 18. g5 hxg5 19. hxg5 Nd5 20. c4 Nb6 (20... b5 $11 21. Qb3 bxc4 22. Qxc4 Bd6) 21. Qb3 $14 {[%emt 0:00:59] Black must now prevent Be4.} Bf5 (21... Nd7 $16) 22. Bh3 {[%emt 0:06:33] And now Kg2 would win.} Nd7 (22... Qd8 $142) 23. Bxf5 $18 Nxe5 (23... exf5 {keeps fighting.} 24. Ng6 fxg6 25. c5+ (25. Rxe7 Rfe8 $16) 25... Rf7 26. Rxe7 Raf8) 24. Bc2 ({Weaker is} 24. Rxe5 exf5 25. Bd2 (25. Rxf5 Qd7 $11) 25... Qd7 $11) 24... Ng6 (24... Ng4 $2 25. Qh3 Qh2+ 26. Qxh2 $18) 25. Qh3 $1 {[%emt 0:03:41][%cal Oe1e6] Strongly threatening Rxe6!} Qd7 26. Bxg6 (26. Qh5 $1 $18) 26... fxg6 $16 27. Qxe6+ ({Not} 27. Rxe6 Rae8 28. Qg4 Bc5 $1 $17) 27... Qxe6 28. Rxe6 Kf7 29. Re4 Rad8 30. Bd2 Rd7 31. Rae1 {[%emt 0:01:37][%cal Oe4e7] aiming for Rxe7+!} Rfd8 32. Be3 {[%emt 0:06:15] White is more active.} Bb4 33. Re2 Ba5 34. Kg2 Kg8 35. f4 Bb6 36. c5 Bc7 37. Kf3 Kf7 38. Bf2 Rh8 39. Bg3 Rhd8 40. Ke3 Rh8 41. Rh2 Rxh2 42. Bxh2 {[%emt 0:00:04][%mdl 4096] Endgame KRB-KRB} Rd8 43. Kf3 Rd7 44. Bg1 Rd8 45. Re2 Rh8 46. Bf2 Rd8 47. b4 Rh8 (47... Rd5 $142 48. a4 Rd7) 48. a4 $18 Rh3+ 49. Bg3 Rh1 50. Rb2 Ra1 51. b5 $1 Ke8 $2 (51... axb5 52. axb5 Ra3+ 53. Kg4 Re3) 52. b6 Bd8 53. d5 Kd7 54. Rd2 {[%emt 0:00:46] Hoping for dxc6+.} cxd5 55. Rxd5+ Kc8 (55... Ke8 $142 56. Re5+ Kd7) 56. f5 $2 (56. Rd6 $18 {and White stays clearly on top.}) 56... gxf5 (56... Ra3+ $16 57. Kg2 Bxg5) 57. Rxf5 Ra3+ 58. Kg4 g6 $2 {[%emt 0:00:51] [#]} (58... Rxa4+ 59. Kh5 Rd4) 59. Rf4 $2 (59. Rf8 $1 $18 {and the rest is easy.}) 59... Rc3 $16 60. Bf2 {[%emt 0:00:06] Threatens to win with Rf8.} Be7 {[%emt 0:00:24] [#] Inhibits Rf8+.} 61. Rf7 ({Better is} 61. a5 $1) 61... Kd7 $2 (61... Rc4+ $16 {keeps fishing.} 62. Kf3 Bxg5) 62. Rg7 $18 Rc4+ 63. Kf3 Ke8 64. Rxg6 Bxc5 65. Bxc5 Rxc5 {[%emt 0:00:01] KR-KR} 66. Rg7 Kd8 67. g6 Rg5 68. Kf4 Rg1 69. Ke5 Re1+ 70. Kf6 Rf1+ 71. Ke6 {[%emt 0:00:07] Rg8+ would kill now.} Re1+ 72. Kf7 {[%emt 0:00:07] White wants to mate with Rh7.} Kd7 73. Kf8+ {[%emt 0:00:26] White mates.} Kc6 74. a5 Rg1 75. Rc7+ Kb5 76. g7 Kxa5 77. Rxb7 {[%emt 0:00:06] Weighted Error Value: White=0.38/Black=0.31} 1-0

[Event "93rd German Championship 2022"]
[Site "Magdeburg"]
[Date "2022.08.15"]
[Round "2.13"]
[White "Malek, Daniel"]
[Black "Colbow, Collin"]
[Result "1-0"]
[ECO "E15"]
[WhiteElo "2355"]
[BlackElo "2325"]
[Annotator "TA"]
[PlyCount "77"]
[EventDate "2022.08.14"]
[EventType "swiss"]
[EventCountry "GER"]
[SourceTitle "playchess.com"]
[Source "ChessBase"]
[SourceQuality "1"]
[TimeControl "40/5400+30:1800+30"]

1. d4 Nf6 2. c4 e6 3. Nf3 b6 4. g3 Ba6 5. b3 Bb4+ 6. Bd2 Be7 7. Nc3 d5 8. cxd5 exd5 9. Bg2 O-O 10. O-O Re8 {[%emt 0:01:13] 10...Nbd7 is setting a new trend.} 11. a3 {[%emt 0:00:23] E15: Queen's Indian: 4 g3 sidelines, 4 g3 Ba6 and 4 g3 Bb7 early deviations.} c6 12. b4 Nbd7 13. Bf4 {[%emt 0:08:32] The position is equal.} Nh5 14. Be3 {[%emt 0:08:33] [#]} (14. Be5 {feels hotter.} f6 15. b5 Bb7 16. Bf4) 14... Nhf6 $146 ({Predecessor:} 14... Bd6 15. b5 Bxb5 16. Nxb5 cxb5 17. Qb3 Ndf6 18. Qxb5 Qe7 19. a4 g6 20. Rfe1 Bb4 {1-0 (55) Cuenca Jimenez,J (2552)-Fernandes,J (2126) Ovar 2022}) 15. Rb1 Bb7 16. a4 Rc8 17. Qb3 Ba8 18. Rfd1 h6 19. Ne1 (19. b5 {is more complex.} c5 20. Ne5 c4 21. Qc2) 19... Qc7 20. Bf4 Bd6 21. Bxd6 Qxd6 22. Nc2 g6 23. Ne3 Qe6 24. b5 c5 25. Qa3 (25. Nexd5 {is interesting.} c4 26. Nxf6+ Nxf6 27. Qb2) 25... Kg7 (25... Rc7 $11 {remains equal.}) 26. Rb2 $16 Rc7 (26... cxd4 $14 27. Rxd4 Ne5) 27. dxc5 {[%emt 0:01:28] [#] Strongly threatening c6.} Rxc5 28. Rbd2 {[%emt 0:00:11] White is more active.} Ne5 29. Ncxd5 ({Inferior is} 29. Bxd5 Qc8 30. Rc1 Bxd5 31. Rxd5 (31. Nexd5 $2 Nc4 $19) 31... Nxd5 32. Nexd5 h5 $17) 29... Nxd5 30. Bxd5 Bxd5 31. Rxd5 Rxd5 32. Rxd5 Kh7 (32... Ng4 $16) 33. Rd6 $18 Qh3 34. Rd4 {[%emt 0:02:23] Inhibits Ng4.} Qh5 $2 (34... h5 35. Qd6 Qc8) 35. Qb2 Qh3 (35... g5 $142 36. Rd6 Kg8) 36. Re4 f6 37. f4 Ng4 {[%emt 0:00:40] [#]} 38. Nxg4 $1 Rxe4 39. Nxf6+ {[%emt 0:00:07] Weighted Error Value: White=0.09 (flawless) /Black=0.64} 1-0

[Event "93rd German Championship 2022"]
[Site "Magdeburg"]
[Date "2022.08.15"]
[Round "2.14"]
[White "Feidt, Jonas"]
[Black "Miller, Eduard"]
[Result "0-1"]
[ECO "A15"]
[WhiteElo "1901"]
[BlackElo "2350"]
[Annotator "TA"]
[PlyCount "60"]
[EventDate "2022.08.14"]
[EventType "swiss"]
[EventCountry "GER"]
[SourceTitle "playchess.com"]
[Source "ChessBase"]
[SourceQuality "1"]
[TimeControl "40/5400+30:1800+30"]

1. c4 Nf6 2. g3 g6 3. Bg2 Bg7 4. Nc3 O-O 5. e4 d6 6. Nge2 c5 7. O-O Nc6 8. d3 Bg4 9. f3 {[%emt 0:05:43] A36: Symmetrical English vs ...g6: 4 Bg2 Bg7.} Bd7 10. Be3 a6 11. a4 {[%emt 0:15:04] White has an edge.} Rb8 12. d4 cxd4 13. Nxd4 Qb6 14. Qb3 ({White should play} 14. Rf2 $11) 14... Qxb3 $15 15. Nxb3 {[%emt 0:00:07] [#]} Rfc8 $146 ({Predecessor:} 15... b6 16. Nd2 Rfc8 17. Rfc1 Be6 18. Bf1 Nd7 19. Rab1 Nc5 20. b3 Nb4 21. Nd5 Bxd5 22. cxd5 {0-1 (49) Stanec,N (2492)-Weinzettl,E (2297) Austria 2014}) 16. c5 Be6 17. Nd2 dxc5 18. Bxc5 Nd7 19. Bf2 Nde5 {[%emt 0:10:38] Hoping for ...Nd3.} 20. Rab1 ({White should try} 20. f4 $1 $15 Nd3 21. e5) 20... Nd3 $36 {[%emt 0:04:24][%cal Od3b2][%mdl 2048] Keeping White busy. Black is more active.} 21. Bb6 {[%emt 0:03:44] [#]} (21. Nd5 $17 {might work better.}) 21... Nxb2 $1 $19 22. Nd5 Nxa4 23. Rfc1 Nxb6 24. Nxb6 Bd4+ 25. Kh1 Bxb6 26. Rxb6 Na5 27. Ra1 Rc5 28. h3 Rd8 29. Nf1 Rd3 30. g4 Rb3 {[%emt 0:00:05] Weighted Error Value: White=0.44/Black=0.08 (flawless)} 0-1

[Event "93rd German Championship 2022"]
[Site "Magdeburg"]
[Date "2022.08.15"]
[Round "2.15"]
[White "Dobrikov, Marco"]
[Black "Dahl, Christoph"]
[Result "1-0"]
[ECO "A20"]
[WhiteElo "2223"]
[BlackElo "2355"]
[Annotator "TA"]
[PlyCount "87"]
[EventDate "2022.08.14"]
[EventType "swiss"]
[EventCountry "GER"]
[SourceTitle "playchess.com"]
[Source "ChessBase"]
[SourceQuality "1"]
[TimeControl "40/5400+30:1800+30"]

1. c4 e5 2. g3 Nf6 3. Bg2 d5 4. cxd5 Nxd5 5. Nf3 Nc6 6. O-O Be7 7. d4 exd4 8. Nxd4 Nxd4 9. Qxd4 Nf6 10. Qxd8+ {[%emt 0:09:31] A20: English Opening: 1...e5.} (10. Qa4+ {is interesting.} c6 11. Rd1 Bd7 12. Nc3) 10... Bxd8 11. Nc3 O-O 12. e4 {[%emt 0:01:53] White has an edge.} c6 13. h3 {[%emt 0:02:20] [#]} Bb6 $146 ({Predecessor:} 13... Be6 14. Na4 Be7 15. Be3 b6 16. Nc3 Nd7 17. Rfd1 Rad8 18. f4 f6 19. Bf1 Bb4 {1-0 (50) Loos,U (2063)-Borries,B (1830) Bad Wiessee 2019}) 14. Na4 Bd4 15. Rd1 c5 16. Nc3 Rd8 17. Be3 $36 {[%emt 0:03:55][%mdl 2048] White is really pushing.} Be6 18. Bxd4 Rxd4 19. Nb5 Rb4 20. Nc7 Rc8 21. e5 Ne8 (21... Bd7 $11) 22. Nxe6 $16 {[%emt 0:02:16] White is more active.} fxe6 {[%emt 0:00:06] [#]} 23. b3 Rc7 24. Rd8 Kf8 25. Rad1 b5 {[%emt 0:06:31] This move loses the game for Black.} (25... c4 $16) 26. Rb8 $18 Rd4 {[%emt 0:01:04] [#]} 27. Rxd4 cxd4 {[%emt 0:00:13][%mdl 4096] Endgame KRB-KRN} 28. Be4 ({Worse is} 28. Rxb5 Rc1+ 29. Kh2 d3 $11) 28... Rc5 29. Bxh7 Ke7 30. Rb7+ Kd8 31. Bg6 {[%emt 0:01:40] Black must now prevent Rb8+.} ({Resist} 31. Rxa7 Rxe5 32. Kf1 Nc7) 31... Nc7 32. Rb8+ ({Don't play} 32. Rxa7 $6 Rxe5 33. Kf1 Kd7) 32... Kd7 33. Rg8 Rxe5 34. Rxg7+ Kd6 35. h4 a5 36. Kg2 {[%emt 0:01:31] And now h5 would win.} Nd5 37. h5 {[%emt 0:00:05] Strongly threatening h6.} d3 (37... Rg5 $16) 38. Bxd3 Rxh5 39. Bxb5 Nc3 (39... Ne3+ $142 40. Kf3 Rxb5) 40. Rd7+ Kc5 41. Bc4 e5 42. Ra7 {[%emt 0:04:57] White is clearly winning.} a4 43. f4 e4 (43... Kd4 $142 44. Rd7+ Kc5) 44. Ra5+ {Weighted Error Value: White=0.07 (flawless) /Black=0.30} 1-0